Map: King's Cove LE

Players

vonster - Winner!

  • Race: Protoss Protoss
  • League: Diamond
  • Spawn Location: 11:00

Parkkatz

  • Race: Zerg Zerg
  • League: Platinum
  • Spawn Location: 5:00

VOD

Have the link to the VOD?

Description

Time

  • Played on: July 3, 2019, 11:23 a.m.
  • Length: 18:31
Show
View Real Time Build Order
Export as new Build Order

vonster Protoss - Winner!

Build Orders: Carriers, Zealot Archon, Dark Templar Rush 

Get SALT Encoding   

  12  0:01  Probe  
  13  0:13  Probe  
  14  0:20  Pylon  
  14  0:26  Probe  
  15  0:41  Probe  
  16  0:46  Gateway  
  16  0:51  Gateway  
  16  0:55  Probe  
  17  1:07  Pylon  
  17  1:09  Probe  
  18  1:21  Probe  
  19  1:28  Assimilator  
  19  1:33  Zealot, Probe  
  19  1:39  Zealot  
  24  1:44  Cybernetics Core  
  24  1:46  Probe  
  25  1:54  Assimilator  
  25  1:58  Pylon  
  25  1:59  Probe  
  26  2:06  Zealot  
  28  2:12  Zealot  
  30  2:27  Twilight Council  
  30  2:34  Zealot  
  30  2:36  Charge  
  32  2:37  Warp Gate  
  32  2:40  Zealot  
  34  2:44  Pylon  
  34  2:56  Probe  
  35  3:02  Zealot  
  37  3:10  Zealot  
  39  3:23  Dark Shrine  
  39  3:31  Stalker  
  41  3:40  Forge  
  41  3:46  Zealot  
  43  4:02  Probe  
  44  4:25  Photon Cannon  
  44  4:29  Photon Cannon, Pylon  
  44  4:33  Photon Cannon  
  44  4:36  Dark Templar  
  46  4:47  Dark Templar  
  38  5:12  Nexus  
  30  5:23  Dark Templar  
  30  5:24  Dark Templar  
  32  5:32  Pylon  
  32  6:01  Zealot  
  32  6:02  Zealot  
  36  6:12  Probe  
  37  6:24  Photon Cannon, Archon  
  37  6:25  Probe  
  38  6:26  Photon Cannon  
  38  6:33  Probe  
  38  6:36  Stargate  
  38  6:37  Probe  
  40  6:40  Dark Templar  
  40  6:41  Probe  
  40  6:45  Probe  
  43  6:51  Probe  
  43  6:53  Probe  
  45  6:55  Archon  
  44  7:03  Probe  
  44  7:06  Probe  
  46  7:15  Probe  
  47  7:18  Probe  
  47  7:21  Void Ray  
  52  7:28  Fleet Beacon  
  52  7:30  Zealot, Probe  
  52  7:34  Zealot  
  57  7:37  Probe  
  58  7:48  Stargate  
  58  7:49  Probe  
  59  7:54  Assimilator  
  59  7:57  Probe x2  
  59  8:00  Assimilator  
  59  8:05  Probe  
  61  8:11  Shield Battery  
  62  8:13  Carrier, Pylon  
  62  8:16  Probe  
  69  8:20  Probe  
  70  8:29  Probe  
  70  8:32  Probe  
  72  8:42  Pylon  
  72  8:44  Carrier  
  78  8:59  Pylon  
  78  9:02  Carrier  
  78  9:13  Nexus  
  78  9:16  Pylon  
  78  9:19  Pylon  
  78  9:23  Pylon  
  84  9:31  Photon Cannon  
  84  9:32  Shield Battery  
  84  9:39  Carrier  
  90  10:06  Photon Cannon  
  90  10:10  Photon Cannon  
  90  10:13  Shield Battery  
  90  10:21  Carrier  
  96  10:28  Probe  
  97  10:36  Dark Templar, Probe  
  97  10:37  Dark Templar  
  102  10:51  Photon Cannon  
  102  10:56  Probe  
  103  10:57  Photon Cannon  
  103  11:01  Void Ray  
  93  11:08  Probe  
  97  11:11  Zealot x2  
  97  11:12  Probe  
  100  11:20  Probe  
  101  11:25  Probe  
  101  11:26  Tempest  
  101  11:28  Photon Cannon  
  101  11:30  Photon Cannon  
  101  11:32  Photon Cannon  
  102  11:34  Probe  
  102  11:35  Protoss Air Armor Level 1  
  108  11:44  Tempest  
  113  12:17  Probe, Robotics Facility, Tempest  
  113  12:19  Pylon  
  113  12:20  Pylon  
  114  12:23  Assimilator  
  114  12:26  Assimilator  
  114  12:29  Zealot x2, Probe  
  124  12:36  Tempest  
  129  12:45  Probe  
  130  12:57  Probe  
  131  12:59  Stargate  
  131  13:00  Probe, Tempest  
  131  13:01  Stargate  
  132  13:09  Probe  
  132  13:11  Observer  
  139  13:17  Protoss Shields Level 1  
  138  13:21  Probe  
  139  13:31  Zealot  
  139  13:32  Zealot  
  135  13:41  Gateway  
  135  13:43  Gateway  
  135  13:44  Carrier  
  135  13:46  Carrier  
  135  13:48  Mothership  
  135  13:56  Gateway  
  143  14:11  Protoss Air Weapons Level 1  
  143  14:13  Carrier  
  143  14:20  Nexus  
  149  14:37  Pylon  
  149  14:49  Carrier  
  149  14:51  Pylon  
  155  14:52  Pylon  
  155  14:55  Pylon  
  155  14:56  Carrier  
  161  15:12  Pylon  
  161  15:21  Pylon  
  161  15:25  Photon Cannon  
  161  15:28  Pylon  
  161  15:34  Probe  
  162  15:37  Carrier  
  168  15:45  Carrier  
  174  15:55  Shield Battery  
  174  15:58  Shield Battery  
  174  16:00  Photon Cannon  
  174  16:13  Protoss Air Armor Level 2  
  174  16:14  Carrier  
  174  16:18  Assimilator  
  174  16:20  Assimilator  
  174  16:29  Carrier  
  180  16:35  Carrier  
  192  16:56  Carrier  
  198  17:26  Observer  
  199  17:48  Photon Cannon  
  199  17:49  Photon Cannon  
  199  17:51  Photon Cannon  
  193  17:52  Photon Cannon  
Show
View Real Time Build Order
Export as new Build Order

Parkkatz Zerg 

Build Orders: Hatch First 

Get SALT Encoding   

  12  0:01  Drone  
  13  0:13  Overlord  
  13  0:18  Drone  
  14  0:31  Drone x2  
  14  0:35  Drone  
  17  0:57  Hatchery  
  17  0:59  Drone  
  17  1:05  Drone  
  18  1:12  Extractor  
  17  1:19  Drone, Spawning Pool  
  17  1:22  Drone  
  18  1:29  Drone  
  19  1:40  Overlord  
  19  2:06  Queen  
  19  2:08  Zergling x4  
  23  2:10  Queen  
  23  2:11  Zergling x2  
  23  2:15  Drone  
  27  2:17  Metabolic Boost  
  27  2:22  Drone x2  
  29  2:38  Overlord  
  29  2:42  Drone, Queen  
  32  2:44  Drone  
  32  2:46  Drone  
  34  2:56  Drone  
  35  2:58  Drone  
  36  3:10  Spine Crawler  
  36  3:12  Drone x2  
  37  3:13  Spine Crawler  
  37  3:19  Roach Warren  
  35  3:20  Evolution Chamber  
  35  3:26  Drone x3  
  37  3:28  Drone  
  38  3:41  Drone  
  38  3:42  Drone  
  38  3:44  Overlord  
  40  3:51  Queen  
  40  3:52  Drone  
  40  3:53  Drone  
  44  3:57  Lair  
  44  4:05  Extractor  
  44  4:06  Overlord, Extractor  
  44  4:07  Drone x2  
  44  4:08  Drone  
  44  4:09  Drone  
  46  4:10  Drone  
  46  4:12  Drone  
  48  4:20  Drone x2  
  48  4:21  Overlord  
  50  4:26  Overlord  
  50  4:34  Queen  
  50  4:36  Overlord  
  52  4:41  Roach  
  52  4:42  Roach x2  
  52  4:43  Roach  
  60  4:59  Zergling x4  
  58  5:00  Zergling x10  
  58  5:06  Zerg Missile Weapons Level 1  
  58  5:11  Roach  
  58  5:27  Spore Crawler  
  58  5:28  Glial Reconstitution  
  45  5:53  Spore Crawler  
  45  5:56  Spore Crawler  
  36  5:59  Drone x10  
  36  6:04  Spore Crawler  
  37  6:15  Spore Crawler  
  37  6:17  Lair  
  35  6:22  Zergling x2  
  35  6:23  Zergling x8  
  35  6:24  Spore Crawler, Hatchery  
  36  6:26  Zergling x2  
  36  6:29  Zergling x2  
  38  6:42  Spawning Pool  
  37  6:59  Drone x6  
  42  7:15  Drone  
  43  7:17  Drone x3  
  40  7:32  Zerg Missile Weapons Level 2  
  40  7:34  Roach  
  40  7:35  Roach x3  
  48  7:40  Queen  
  50  7:47  Queen  
  52  7:55  Roach x3  
  58  8:02  Drone x4  
  62  8:09  Overseer  
  62  8:13  Drone x2  
  62  8:16  Spore Crawler  
  62  8:17  Drone x2  
  62  8:19  Roach  
  67  8:24  Drone x2  
  67  8:25  Drone  
  70  8:33  Extractor  
  69  8:34  Roach x2  
  69  8:35  Roach  
  69  8:37  Roach  
  77  8:42  Drone x3  
  77  8:45  Overlord  
  80  8:51  Roach x2  
  80  8:52  Roach  
  86  8:56  Drone x2  
  86  8:57  Drone  
  86  8:59  Extractor  
  86  9:00  Extractor  
  86  9:01  Roach  
  89  9:09  Zergling x10  
  95  9:10  Zergling x2  
  95  9:16  Overlord x2  
  95  9:18  Drone x2  
  95  9:21  Drone  
  98  9:34  Roach  
  98  9:35  Roach x5  
  98  9:36  Roach  
  112  9:39  Hydralisk Den  
  112  9:41  Baneling Nest  
  112  9:42  Ravager x4  
  114  9:54  Overlord x3  
  114  10:07  Pneumatized Carapace  
  113  10:37  Hydralisk x13  
  113  10:42  Grooved Spines  
  134  10:50  Spore Crawler x2  
  84  11:12  Hydralisk  
  84  11:13  Hydralisk x10  
  104  11:23  Drone x2  
  104  11:24  Drone  
  104  11:25  Hydralisk  
  107  11:26  Hydralisk  
  107  11:31  Centrifical Hooks  
  111  11:35  Drone x2  
  111  11:36  Drone  
  111  11:38  Overlord  
  114  11:41  Zergling x2  
  115  11:52  Zergling x12  
  115  11:53  Muscular Augments, Zergling x2  
  122  11:59  Zerg Ground Armor Level 1  
  122  12:04  Zergling x2  
  122  12:05  Zergling x8  
  122  12:07  Drone  
  128  12:31  Hatchery  
  128  12:34  Hydralisk  
  128  12:35  Hydralisk x4  
  137  12:46  Lurker Den  
  136  12:55  Overlord  
  136  12:56  Overlord x4  
  136  13:14  Overlord x3  
  135  13:31  Hydralisk  
  135  13:32  Hydralisk x7  
  135  13:33  Hydralisk  
  127  13:36  Hydralisk  
  127  13:40  Hydralisk  
  105  13:43  Hydralisk  
  105  13:47  Drone  
  105  13:48  Drone  
  89  13:54  Queen  
  89  14:00  Hydralisk  
  89  14:01  Hydralisk  
  89  14:02  Hydralisk  
  95  14:12  Infestation Pit, Evolution Chamber  
  95  14:15  Hydralisk x2  
  97  14:23  Overseer  
  97  14:28  Drone x3  
  97  14:29  Drone x4  
  104  14:35  Spore Crawler, Drone x2  
  104  14:36  Drone  
  106  14:48  Zerg Ground Armor Level 2  
  106  14:50  Zerg Melee Weapons Level 1  
  106  14:55  Hive  
  106  14:56  Infestor  
  106  14:59  Infestor  
  110  15:04  Zergling x8  
  110  15:06  Zergling x2  
  115  15:12  Drone x2  
  115  15:13  Drone x3  
  120  15:25  Hatchery  
  119  15:28  Drone x2  
  119  15:29  Drone  
  119  15:31  Drone x2  
  119  15:33  Extractor  
  119  15:35  Extractor  
  122  15:36  Hydralisk x3  
  122  15:38  Hydralisk  
  130  15:51  Drone x3  
  130  15:52  Drone x2  
  130  15:53  Spore Crawler x2  
  130  15:54  Spore Crawler x2, Drone  
  130  15:56  Infestor  
  134  16:00  Neural Parasite  
  134  16:06  Burrow  
  134  16:08  Zergling x8  
  134  16:10  Zergling x2  
  134  16:11  Baneling x3  
  139  16:12  Baneling x2  
  139  16:13  Baneling  
  139  16:16  Drone  
  139  16:17  Drone x2  
  142  16:19  Overlord  
  142  16:23  Infestor  
  142  16:24  Infestor  
  146  16:26  Infestor  
  146  16:31  Overlord  
  148  16:36  Hydralisk x3  
  148  16:39  Hydralisk  
  156  16:43  Adaptive Talons  
  156  16:54  Drone x5  
  161  17:02  Infestor x3  
  167  17:14  Queen  
  169  17:16  Infestor  
  169  17:18  Hydralisk x4  
  179  17:29  Drone x2, Extractor  
  180  17:31  Extractor  
  180  17:32  Hydralisk x4  
  141  17:59  Hydralisk x9  
  141  18:03  Hydralisk x5  
Tags
 
Add a new tag
Caveats
  • Supply blocks, unpowered buildings, or Contaminate may cause inaccurate times.
  • Supply counts are checked every 10 seconds.